 Dungeon Crawl Stone Soup version 0.20.0-15-g7f486f2 (webtiles) character file.

1313 anfisbena the Grappler (level 8, -2/74 HPs)
             Began as a Troll Fighter on June 16, 2017.
             Killed from afar by Pikel (21 damage)
             ... with a wand of lightning (?/15)
             ... on level 5 of the Dungeon.
             The game lasted 00:03:35 (3948 turns).

anfisbena the Grappler (Troll Fighter)              Turns: 3948, Time: 00:03:36

Health: -2/74      AC:  5    Str: 25    XL:     8   Next: 32%
Magic:  7/7        EV:  6    Int:  4    God:
Gold:   280        SH: 14    Dex: 11    Spells: 7/7 levels left

rFire    . . .     SeeInvis .     - Unarmed
rCold    . . .     Gourm    +   t - +0 large shield
rNeg     . . .     Faith    .   a - +0 robe
rPois    .         Spirit   .   (helmet restricted)
rElec    .         Reflect  .   (no cloak)
rCorr    .         Harm     .   (gloves unavailable)
MR       .....                  (boots unavailable)
Stlth    +.........             (no amulet)
Regen    0.7/turn               (no ring)
MPRegen  0.1/turn               (no ring)

@: no status effects
A: unfitting armour, claws 3, fast metabolism 3, gourmand, regeneration 1,
shaggy fur 1, tough skin 2
a: no special abilities


You were on level 5 of the Dungeon.
You were completely stuffed.

You visited 1 branch of the dungeon, and saw 5 of its levels.

You collected 280 gold pieces.

Inventory:

Armour
 a - a +0 robe (worn)
 t - a +0 large shield (worn)
Jewellery
 b - a +3 ring of dexterity {unknown}
 w - an uncursed ring of poison resistance {unknown}
Wands
 u - a wand of digging (6/24)
Scrolls
 f - 5 scrolls of teleportation {unknown}
 g - 4 scrolls of remove curse {unknown}
 h - a scroll of recharging {unknown}
 i - 3 scrolls of identify {unknown}
 k - a scroll of enchant weapon {unknown}
 l - 2 scrolls of immolation {unknown}
 o - a scroll of random uselessness {unknown}
 s - a scroll of amnesia {unknown}
 v - a scroll of blinking {unknown}
Potions
 c - a potion of might
 e - 3 potions of curing
 j - a potion of cancellation {unknown}
 n - 2 potions of magic {unknown}
 p - 2 potions of invisibility {unknown}
 r - 2 potions of ambrosia {unknown}
Comestibles
 d - 7 bread rations
 m - 5 fruits
 q - 4 meat rations
 x - a chunk of flesh


   Skills:
 + Level 2.7 Fighting
 - Level 2.4 Dodging
 + Level 2.7 Shields
 - Level 10.1 Unarmed Combat


You had 7 spell levels left.
You didn't know any spells.

Dungeon Overview and Level Annotations

Branches:
Dungeon (5/15)
 Temple: D:4-7

Altars:
Fedhas
Sif Muna
Vehumet
Zin

Shops:
D:5 [

Annotations:
D:5 Pikel


Innate Abilities, Weirdness & Mutations

You are too large for most types of armour.
You have claws for hands.
Your metabolism is lightning-fast.
You like to eat raw meat.
Your natural rate of healing is unusually fast.
You are covered in fur. (AC +1)
You have very tough skin. (AC +2)


Message History

* * * LOW HITPOINT WARNING * * *
You miss Pikel.
Pikel is lightly wounded.
Pikel barely misses you.
You closely miss Pikel.
Pikel is lightly wounded.
Pikel zaps a wand.
The bolt of lightning hits you!
* * * LOW HITPOINT WARNING * * *
Okay, then.
It was a potion of curing.
You feel better. You block Pikel's attack.
Wield which item (- for none, * to show all)? (? for menu, Esc to quit)
Okay, then.
You claw Pikel!
Pikel is moderately wounded.
Pikel says, "You'll feel the lick of my whip!"
You block Pikel's attack.
You mangle Pikel!!
Pikel is almost dead.
Pikel zaps a wand.
The bolt of lightning hits you!
You die...

#)# #.....# #<#
###########
##############......#
#####....#...........#
...##....#......[....#
...##....#......p....#
...##....#######p###....
.........# #K# .
..###....# #@# ###
#....# #.#
#....#######.#
#............#
#....######### #....#
#....# ######


You could see Pikel and 2 slaves.

Vanquished Creatures
  The ghost of ThereIsNoGod the Chiller, an amateur OpIE of Vehumet (D:4)
  Sigmund (D:3)
  Eustachio (D:5)
  2 slaves (D:5)
  3 ogres (D:4)
  A centaur (D:5)
  The ghost of anfisbena the Slasher, a weakling DsAK of Lugonu (D:3)
  3 jellies (D:3)
  A hound (D:4)
  An orc priest (D:5)
  Jessica (D:3)
  An iguana (D:4)
  2 worker ants (D:4)
  7 adders
  8 oozes (D:3)
  2 adder skeletons
  A worm (D:2)
  3 dart slugs
  4 leopard geckos
  6 orcs
  3 ball pythons
  4 giant cockroaches
  4 goblins
  10 hobgoblins
  19 jackals
  5 quokkas
  5 bats
  2 frilled lizards
  10 kobolds
  11 rats
123 creatures vanquished.

Vanquished Creatures (others)
  2 fungi (D:3)
  7 toadstools (D:3)
9 creatures vanquished.

Grand Total: 132 creatures vanquished

Notes
Turn   | Place    | Note
-------+----------+-------------------------------------------
     0 | D:1      | anfisbena the Troll Fighter began the quest for the Orb.
     0 | D:1      | Reached XP level 1. HP: 22/22 MP: 0/0
   475 | D:1      | Reached XP level 2. HP: 29/29 MP: 1/1
  1027 | D:1      | Reached skill level 3 in Unarmed Combat
  1092 | D:2      | Reached XP level 3. HP: 34/36 MP: 2/2
  1419 | D:2      | Reached skill level 4 in Unarmed Combat
  1520 | D:2      | Found a faded altar of an unknown god.
  1708 | D:2      | Reached XP level 4. HP: 44/44 MP: 3/3
  1854 | D:3      | Noticed Sigmund
  1864 | D:3      | Killed Sigmund
  1864 | D:3      | Reached skill level 6 in Unarmed Combat
  1864 | D:3      | Reached XP level 5. HP: 35/50 MP: 4/4
  1950 | D:3      | Noticed anfisbena's ghost (weakling DsAK)
  1958 | D:3      | Killed anfisbena's ghost
  1958 | D:3      | Reached XP level 6. HP: 45/59 MP: 5/5
  2102 | D:3      | Noticed Jessica
  2105 | D:3      | Killed Jessica
  2406 | D:3      | Reached skill level 7 in Unarmed Combat
  2724 | D:4      | Reached skill level 8 in Unarmed Combat
  2724 | D:4      | Reached XP level 7. HP: 41/66 MP: 6/6
  3017 | D:4      | Noticed ThereIsNoGod's ghost (amateur OpIE)
  3025 | D:4      | Killed ThereIsNoGod's ghost
  3025 | D:4      | Reached skill level 9 in Unarmed Combat
  3102 | D:4      | Reached XP level 8. HP: 74/74 MP: 7/7
  3141 | D:4      | Found a deep blue altar of Sif Muna.
  3141 | D:4      | Found a glowing silver altar of Zin.
  3146 | D:4      | Found a blossoming altar of Fedhas.
  3148 | D:4      | Found a faded altar of an unknown god.
  3151 | D:4      | Found a radiant altar of Vehumet.
  3478 | D:5      | Entered Level 5 of the Dungeon
  3574 | D:5      | Found Daytrif's Antique Armour Boutique.
  3624 | D:5      | Noticed Eustachio
  3650 | D:5      | Killed Eustachio
  3650 | D:5      | Reached skill level 10 in Unarmed Combat
  3922 | D:5      | Noticed Pikel
  3948 | D:5      | Killed from afar by Pikel

Skill      XL: |  1  2  3  4  5  6  7  8 |
---------------+-------------------------+-----
Unarmed Combat | 3 4 6 8 9 10 | 10.1
Fighting       | |  2.7
Dodging        | |  2.4
Shields        | |  2.7

Action                   |  1- 3 |  4- 6 |  7- 9 || total
-------------------------+-------+-------+-------++-------
Melee: Unarmed           |    99 |   114 |   112 ||   325
  Use: Potion            |       |       |     1 ||     1
 Stab: Sleeping          |       |     1 |     1 ||     2
  Eat: Chunk             |    21 |    10 |    11 ||    42
Armor: Robe              |    28 |    31 |    14 ||    73
Dodge: Dodged            |    28 |    36 |    19 ||    83
Block: Shield            |    41 |    56 |     2 ||    99
       Large shield      |       |       |    41 ||    41
